 Dungeon Crawl Stone Soup version 0.30-a0-777-ga9a30cbeda (console) character file.

Game seed: 12351138559708648678

2 rlgrobin the Trooper (level 1, 0/18 HPs)
             Began as a Mummy Monk on Feb 15, 2023.
             Slain by a hobgoblin (4 damage)
             ... on level 1 of the Dungeon.
             The game lasted 00:00:08 (33 turns).

rlgrobin the Trooper (Mummy Monk)                     Turns: 33, Time: 00:00:08

Health: 0/18       AC:  0    Str: 14    XL:     1   Next: 25%
Magic:  1/1        EV: 12    Int:  9    God:
Gold:   0          SH:  0    Dex: 14    Spells: 0/0 levels left

rFire   x . .      SeeInvis .      - Unarmed
rCold   + . .      Faith    +    (no shield)
rNeg    + + +      Spirit   .    (no body armour)
rPois   ∞          Reflect  .    (no helmet)
rElec   .          Harm     .    (no cloak)
rCorr   .          Rampage  .    (no gloves)
Will    .....                    (no boots)
Stlth   ++                       (no amulet)
HPRegen 0.23/turn                (no ring)
MPRegen 0.07/turn                (no ring)

@: no status effects
A: cold resistance 1, negative energy resistance 3, torment resistance 2, heat
vulnerability 1, no potions, faith
a: no special abilities


You were on level 1 of the Dungeon.
You visited 1 branch of the dungeon, and saw 1 of its levels.

You aren't carrying anything.


   Skills:
 - Level 3.0 Fighting
 - Level 2.4 Dodging
 + Level 1.8 Stealth
 - Level 2.4 Unarmed Combat


You couldn't memorise any spells.
You didn't know any spells.
Your spell library was empty.

Dungeon Overview and Level Annotations

Branches:
Dungeon (1/15)

Altars:


Innate Abilities, Weirdness & Mutations

You are immune to poison.
Your flesh is cold resistant. (rC+)
You are immune to negative energy. (rN+++)
You are immune to unholy pain and torment.
You are vulnerable to heat. (rF-)
You do not drink.
You have a special connection with the divine. (Faith)


Message History

Found a staircase leading out of the dungeon.
You start removing your armour.
You continue taking off your +0 robe. x4
You finish taking off your +0 robe.
You drop a +0 robe.
A ball python comes into view.
A goblin comes into view. It is wielding a +0 dagger.
The ball python hisses angrily.
The goblin shouts!
The ball python closely misses you. The ball python grabs you.
The ball python constricts you.
You hear a shout!
You hit the ball python.
The ball python is severely wounded.
The ball python bites you. The ball python constricts you.
You hit the ball python.
You kill the ball python!
A hobgoblin comes into view.
You see here a ball python corpse.
You hit the goblin.
The goblin is severely wounded.
The goblin hits you with a +0 dagger.
You miss the goblin.
The goblin is severely wounded.
The goblin hits you with a +0 dagger.
You hit the goblin.
You kill the goblin!
You closely miss the hobgoblin. The hobgoblin closely misses you.
You hit the hobgoblin.
The hobgoblin is heavily wounded.
The hobgoblin hits you.
* * * LOW HITPOINT WARNING * * *
You barely miss the hobgoblin.
The hobgoblin is heavily wounded.
The hobgoblin completely misses you.
You closely miss the hobgoblin.
The hobgoblin is heavily wounded.
The hobgoblin hits you.
* * * LOW HITPOINT WARNING * * *
You hit the hobgoblin.
The hobgoblin is severely wounded.
The hobgoblin hits you.
You die...

# #. #.###
#...#####
#.#####.....#
#...g@..###.#
######### #.#
#.# #. ##.#
.# #. ##.##
#.# #. ##.##
#.# #. ##.##
#.# #. ♣#.##
#.##.##.##


You could see a hobgoblin.

Vanquished Creatures
  A goblin (D:1)
  A ball python (D:1)
2 creatures vanquished.

Notes
Turn   | Place    | Note
-------+----------+-------------------------------------------
     0 | D:1      | rlgrobin the Mummy Monk began the quest for the Orb.
     0 | D:1      | Reached XP level 1. HP: 18/18 MP: 1/1
    33 | D:1      | Slain by a hobgoblin

Illustrated notes

Levels and vault maps discovered:
D:1:      spicycebolla_arrival_xxxplode, layout_basic, serial_shops,
          shop_fountains, chequers_arboretum, minmay_crystal_water

Action                     || total
---------------------------++-------
  Melee: Unarmed           ||    10
  Dodge: Dodged            ||     3

Table legend: (Time is in decaauts)
 A = Elapsed time spent in this place.
 B = Non-inter-level travel time spent in this place.
 C = Inter-level travel time spent in this place.
 D = Time resting spent in this place.
 E = Time spent auto-exploring this place.
 F = Levels seen in this place.
 G = Mean time per level.
                   A        B        C        D        E       F      G
               +--------+--------+--------+--------+--------+-----+--------+
         Total |     32 |     32 |      0 |      0 |     11 |   1 |   32.0 |
       Dungeon |     32 |     32 |      0 |      0 |     11 |   1 |   32.0 |
               +--------+--------+--------+--------+--------+-----+--------+

Top non-repeatable levels by time:
     D:1: 32 daAuts
